 Dungeon Crawl Stone Soup version 0.26.1-11-gd32895ea62 (webtiles) character file.

Game seed: 9795789943828766172

2142 DildoBatman the Magician (level 9, -1/68 HPs)
             Began as a Formicid Conjurer on July 23, 2021.
             Was a Believer of Kikubaaqudgha.
             Killed from afar by a swamp worm (12 damage)
             ... with a harpoon shot
             ... on level 8 of the Dungeon.
             The game lasted 00:18:28 (6720 turns).

DildoBatman the Magician (Formicid Conjurer)        Turns: 6720, Time: 00:18:28

Health: -1/68      AC:  6    Str: 13    XL:     9   Next: 56%
Magic:  6/19       EV: 13    Int: 17    God:    Kikubaaqudgha [**....]
Gold:   393        SH:  0    Dex: 12    Spells: 14/22 levels left

rFire    . . .     SeeInvis +   b - +0 hunting sling
rCold    + . .     Faith    +   (no shield)
rNeg     . . .     Spirit   .   f - +0 robe
rPois    .         Reflect  .   (helmet unavailable)
rElec    .         Harm     .   B - +0 cloak
rCorr    .         Rampage  .   o - +0 pair of gloves
Will     .....                  L - +0 pair of boots
Stlth    ++........             C - amulet of faith
HPRegen  0.21/turn              l - ring of protection from cold
MPRegen  0.16/turn              (no ring)

@: very slightly contaminated
A: permanent stasis, dig shafts and tunnels, four strong arms, antennae 3
a: Dig, Shaft Self, Renounce Religion, Receive Corpses


You were on level 8 of the Dungeon.
You worshipped Kikubaaqudgha.
Kikubaaqudgha was pleased with you.
You visited 2 branches of the dungeon, and saw 9 of its levels.
You also visited: Ossuary.

You collected 393 gold pieces.

Inventory:

Hand Weapons
 a - a +4 dagger
 b - a +0 hunting sling (weapon)
 d - a +1 mace of venom
Missiles
 g - 95 arrows
 h - 209 stones (quivered ammo)
 n - 3 boomerangs
 q - 69 bolts
 y - 5 javelins
 E - 17 sling bullets
 F - 10 poisoned darts
Armour
 f - a +0 robe (worn)
 o - a +0 pair of gloves (worn)
 B - a +0 cloak (worn)
 L - a +0 pair of boots (worn)
Jewellery
 l - a ring of protection from cold (left hand)
 C - an amulet of faith (around neck)
Wands
 G - a wand of flame (31)
 I - a wand of enslavement (7)
Scrolls
 e - a scroll of fear
 i - 5 scrolls of enchant weapon
 k - 2 scrolls of random uselessness {unknown}
 s - a scroll of torment
 v - a scroll of immolation
 x - 9 scrolls of remove curse
 z - 4 scrolls of identify
 J - a scroll of noise {unknown}
 K - a scroll of amnesia {unknown}
Potions
 c - 2 potions of might {unknown}
 j - 5 potions of heal wounds {unknown}
 m - 3 potions of flight {unknown}
 p - 2 potions of cancellation {unknown}
 r - a potion of ambrosia {unknown}
 t - 3 potions of attraction {unknown}
 u - a potion of brilliance {unknown}
 w - 2 potions of mutation {unknown}
 A - a potion of degeneration {unknown}
 D - 2 potions of curing {unknown}
 H - a potion of haste {unknown}


   Skills:
 - Level 5.0 Fighting
 - Level 5.0 Armour
 - Level 3.0 Dodging
 - Level 2.4 Stealth
 - Level 7.0 Spellcasting
 - Level 6.0 Conjurations
 * Level 4.3 Necromancy


You had 14 spell levels left.
You knew the following spells:

 Your Spells              Type           Power        Failure   Level
a - Searing Ray           Conj           52%          1%          2
c - Magic Dart            Conj           100%         1%          1
d - Vampiric Draining     Necr           10%          6%          3
z - Sublimation of Blood  Necr           10%          3%          2

Your spell library contained the following spells:

 Spells                   Type           Power        Failure   Level
 Animate Skeleton         Necr           40%          1%          1
 Pain                     Necr           80%          1%          1
 Dazzling Flash           Conj/Hex       32%          10%         3
 Apportation              Tloc           10%          12%         1
 Summon Small Mammal      Summ           20%          12%         1
 Call Imp                 Summ           5%           17%         2
 Fulminant Prism          Conj/Hex       8%           32%         4
 Iskenderun's Mystic Bla  Conj/Tloc      16%          32%         4
 Call Canine Familiar     Summ           5%           34%         3
 Summon Guardian Golem    Hex/Summ       5%           34%         3
 Summon Ice Beast         Ice/Summ       5%           75%         4
 Summon Lightning Spire   Summ/Air       5%           75%         4


Dungeon Overview and Level Annotations

Branches:
Dungeon (8/15)             Temple (1/1) D:6         Ossuary (visited)
   Lair: D:8-11

Altars:
Ashenzari
Cheibriados
Dithmenos
Elyvilon
Fedhas
Gozag
Hepliaklqana
Kikubaaqudgha
Makhleb
Nemelex Xobeh
Qazlal
Ru
Sif Muna
Trog
Uskayaw
Vehumet
Wu Jian
Xom
Yredelemnul
Zin
The Shining One

Shops:
D:6 ?


Innate Abilities, Weirdness & Mutations

You cannot be hasted, slowed, berserked, paralysed or teleported.
You can dig through walls and to a lower floor.
Your four strong arms can wield two-handed weapons with a shield.
You have a pair of large antennae on your head. (SInv)


Message History

Confirm with . or Enter, or press ? or * to list all spells.
Aiming: Vampiric Draining (dangerous; 6% risk of failure)
Press: ? - help, Shift-Dir - straight line, f/p - swamp worm
Aim: a swamp worm (heavily wounded)
You miscast Vampiric Draining.
You are very lightly contaminated with residual magic.
Nothing appears to happen.
The swamp worm bites you!
Casting: Vampiric Draining (dangerous; 6% risk of failure)
Confirm with . or Enter, or press ? or * to list all spells.
Aiming: Vampiric Draining (dangerous; 6% risk of failure)
Press: ? - help, Shift-Dir - straight line, f/p - swamp worm
Aim: a swamp worm (heavily wounded)
The swamp worm is heavily wounded.
You feel life coursing into your body. The swamp worm bites you.
The swamp worm fires a harpoon shot at you.
The harpoon shot hits you!
You die...
Kikubaaqudgha rasps: "You have failed me!
Welcome... death!"

≈≈≈ ..≈≈ ##### .≈≈#
#...# #≈≈≈# # #.#
#≈≈# ###.#†###≈≈#
#...#@.w.≈≈## #
#..†#..≈≈≈#{ w#
#.#.#..)≈≈##≈##≈
#.#.#....≈≈(≈P≈≈ #
#.#....≈(≈≈≈≈≈
.####.#.#....(≈≈≈≈≈.
.............$.##...
###########......#
#......#


You could see a swamp worm.

Vanquished Creatures
  Prince Ribbit (D:6)
  Eustachio (D:6)
  A swamp worm (D:8)
  An orc warrior (D:6)
  A sky beast (D:6)
  An ice beast (D:5)
  An ogre (D:7)
  Blork the orc (D:6)
  A scorpion (D:7)
  6 centaur zombies
  2 centaur skeletons
  3 jellies
  Crazy Yiuf (D:5)
  2 bullfrog skeletons (D:7)
  A human zombie (Ossuary)
  2 orc priests
  5 orc wizards
  4 hounds
  An iguana (D:7)
  3 worker ants
  A hound zombie (D:7)
  8 mummies
  5 adders
  3 white imps
  An ufetubus (D:6)
  11 oozes
  An adder skeleton (D:4)
  4 adder zombies (Ossuary)
  A worm (D:3)
  4 leopard geckos
  5 orcs
  2 ball pythons (D:3)
  3 giant cockroaches
  A gnoll zombie (Ossuary)
  7 hobgoblins
  6 jackals
  10 kobolds
  A bat (D:3)
  5 frilled lizards
  9 goblins
  4 goblin zombies
  2 hobgoblin zombies (Ossuary)
  9 kobold zombies
  5 quokka zombies
  A rat (D:3)
  3 rat zombies (Ossuary)
  A spectral orc (D:2)
152 creatures vanquished.

Vanquished Creatures (others)
  3 fungi (D:2)
  4 plants (D:8)
  8 toadstools (D:2)
15 creatures vanquished.

Grand Total: 167 creatures vanquished

Notes
Turn   | Place    | Note
-------+----------+-------------------------------------------
     0 | D:1      | DildoBatman the Formicid Conjurer began the quest for the
                  | Orb.
     0 | D:1      | Reached XP level 1. HP: 13/13 MP: 3/3
   183 | D:1      | Reached XP level 2. HP: 16/19 MP: 3/5
   188 | D:1      | Learned a level 2 spell: Searing Ray
   727 | D:2      | Found a basalt altar of Yredelemnul.
   797 | D:2      | Found a hide-covered altar of Uskayaw.
   907 | D:2      | Reached XP level 3. HP: 17/24 MP: 1/6
  1474 | D:3      | You fall into a shaft and drop 1 floor!
  1662 | D:4      | Reached XP level 4. HP: 30/30 MP: 2/7
  1669 | D:4      | Found a sand-covered staircase.
  1689 | D:4      | Reached skill level 5 in Conjurations
  1735 | Ossuary  | Entered an ossuary
  1893 | Ossuary  | Reached XP level 5. HP: 10/35 MP: 5/8
  2280 | Ossuary  | Reached skill level 1 in Fighting
  2280 | Ossuary  | Reached skill level 1 in Armour
  2280 | Ossuary  | Reached XP level 6. HP: 37/43 MP: 0/9
  2641 | Ossuary  | Reached skill level 3 in Spellcasting
  2738 | Ossuary  | Reached XP level 7. HP: 50/50 MP: 1/12
  3007 | D:4      | Reached skill level 4 in Spellcasting
  3418 | D:5      | Entered Level 5 of the Dungeon
  3453 | D:5      | Found a shimmering blue altar of Sif Muna.
  3505 | D:5      | Reached skill level 5 in Spellcasting
  3586 | D:5      | Found a runed translucent door.
  3587 | D:5      | Noticed Crazy Yiuf
  3717 | D:5      | Noticed Prince Ribbit
  3903 | D:5      | Found a glowing silver altar of Zin.
  3904 | D:5      | Found a white marble altar of Elyvilon.
  3918 | D:5      | Reached skill level 6 in Spellcasting
  3918 | D:5      | Reached XP level 8. HP: 54/56 MP: 7/17
  3931 | D:5      | Found a blossoming altar of Fedhas.
  3933 | D:5      | Found a shimmering blue altar of Sif Muna.
  3934 | D:5      | Found a hazy altar of Hepliaklqana.
  3934 | D:5      | Found an ancient bone altar of Kikubaaqudgha.
  3935 | D:5      | Found an opulent altar of Gozag.
  3942 | D:5      | Became a worshipper of Kikubaaqudgha
  4156 | D:5      | Found Xoxiry's Jewellery Shoppe.
  4179 | D:5      | Identified Sif Muna's Incunabulum of Displacement
  4320 | D:5      | Killed Crazy Yiuf
  4811 | D:2      | Reached * piety under Kikubaaqudgha
  4811 | D:2      | Identified Kikubaaqudgha's Compendium of Darkness
                  | (Kikubaaqudgha gifted it to you on level 2 of the Dungeon)
  4811 | D:2      | Received a gift from Kikubaaqudgha
  4866 | D:2      | Reached skill level 7 in Spellcasting
  5082 | D:6      | Killed Prince Ribbit
  5083 | D:6      | Reached skill level 1 in Necromancy
  5192 | D:6      | Found a radiant altar of Vehumet.
  5264 | D:6      | Noticed Eustachio
  5293 | D:6      | Killed Eustachio
  5345 | D:6      | Reached XP level 9. HP: 50/64 MP: 8/19
  5438 | D:6      | Found a staircase to the Ecumenical Temple.
  5453 | D:6      | Found Zecrob's Magic Scroll Shoppe.
  5467 | Temple   | Entered the Ecumenical Temple
  5771 | D:6      | Noticed Blork the orc
  5785 | D:6      | Killed Blork the orc
  5785 | D:6      | Reached ** piety under Kikubaaqudgha
  6244 | D:7      | Found a snail-covered altar of Cheibriados.
  6635 | D:7      | Learned a level 2 spell: Sublimation of Blood
  6639 | D:7      | Learned a level 3 spell: Vampiric Draining
  6700 | D:8      | Reached skill level 5 in Fighting
  6700 | D:8      | Reached skill level 5 in Armour
  6720 | D:8      | Killed from afar by a swamp worm

Illustrated notes

Levels and vault maps discovered:
D:1:      amcnicky_arrival_choice, layout_loops_ring
D:2:      cheibrodos_fertilizer, layout_basic, eat_drink_and_be_merry_uskayaw,
          yredelemnul_forgotten_temple_becter
D:3:      layout_rooms
D:4:      layout_gridville, nicolae_ossuary_entry_giza
D:5:      layout_loops_cross, grunt_temple_overflow_open, serial_shops,
          nicolae_shop_crystal, led_sif_book, uniq_prince_ribbit1,
          uniq_crazy_yiuf_cottage
D:6:      layout_basic, vehumet_altar_wand_db,
          minmay_temple_entry_statues_pillars, serial_shops, nicolae_shop_stone,
          uniq_blork_the_orc, uniq_eustachio
D:7:      layout_loops_ring, cheibriados_altar_1
D:8:      argonaut_augean_stables, layout_basic, serial_shops,
          nicolae_shop_crystal, worms_lemuel
Temple:   eino_wide_crystal_templ

Skill      XL: |  1  2  3  4  5  6  7  8  9 |
---------------+----------------------------+-----
Conjurations   | 4 5 6 |  6.0
Fighting       | 1 2 3 5 |  5.0
Armour         | 1 2 3 5 |  5.0
Spellcasting   | 3 6 7 |  7.0
Dodging        | 3 |  3.0
Necromancy     | 2 4 |  4.3
Stealth        | |  2.4

Action                   |  1- 3 |  4- 6 |  7- 9 || total
-------------------------+-------+-------+-------++-------
Melee: Club              |     4 |       |       ||     4
       Dagger            |    22 |       |    19 ||    41
 Fire: Hunting sling     |     9 |    58 |   101 ||   168
 Cast: Magic Dart        |    11 |       |     2 ||    13
       Searing Ray       |     7 |    26 |    55 ||    88
       Vampiric Draining |       |       |     1 ||     1
 Abil: Dig               |     8 |       |    17 ||    25
  Use: Scroll            |     5 |       |     3 ||     8
 Stab: Sleeping          |     1 |       |       ||     1
Armor: Robe              |     5 |     5 |    19 ||    29
Dodge: Dodged            |    28 |    35 |    53 ||   116
